 Dungeon Crawl Stone Soup version 0.28.0-53-g5a82cb258f (webtiles) character file.

Game seed: 15225240801699995080

980 wumblebumble the Chopper (level 7, -5/94 HPs)
             Began as a Minotaur Berserker on June 13, 2022.
             Was a Follower of Trog.
             Slain by a sky beast (6 damage)
             ... on level 8 of the Dungeon on June 14, 2022.
             The game lasted 00:36:17 (1923 turns).

wumblebumble the Chopper (Minotaur Berserker)       Turns: 1923, Time: 00:36:17

Health: -5/94      AC: 12    Str: 23    XL:     7   Next: 96%
Magic:  6/6        EV:  8    Int:  4    God:    Trog [*.....]
Gold:   0          SH:  0    Dex: 10    Spells: 6/6 levels left

rFire   + . .      SeeInvis .   r - +0 battleaxe
rCold   . . .      Faith    .   (shield currently unavailable)
rNeg    + . .      Spirit   .   s - +0 plate armour {rC+}
rPois   .          Reflect  .   (helmet restricted)
rElec   .          Harm     .   (no cloak)
rCorr   +          Rampage  +   (no gloves)
Will    .....                   (no boots)
Stlth   ..........              l - amulet "Xaven" {Acrobat Rampage rN+}
HPRegen 0.25/turn               o - ring of resist corrosion
MPRegen 0.10/turn               n - ring of fire

@: berserking (expiring), very quick
A: horns 2, retaliatory headbutt
a: Renounce Religion, Berserk


You were on level 8 of the Dungeon.
You worshipped Trog.
Trog was aware of your devotion.
You visited 1 branch of the dungeon, and saw 8 of its levels.

Inventory:

Hand Weapons
 a - a +0 hand axe
 i - a +0 war axe
 r - a +0 battleaxe (weapon)
 t - a +0 hand axe
 x - a +0 dagger
Missiles
 d - 31 arrows
 h - 78 stones (quivered)
 m - 35 sling bullets
 p - 8 poisoned darts
Armour
 e - a +1 leather armour
 s - a +0 plate armour of cold resistance (worn)
 y - a +2 ring mail of fire resistance
Jewellery
 l - the amulet "Xaven" (around neck) {Acrobat Rampage rN+}
   (You found it on level 2 of the Dungeon)

   [amulet of the acrobat]

   It increases your evasion while moving and waiting.
   rN:        It protects you from negative energy.
   Rampage:   It bestows one free step when moving towards enemies.
 n - a ring of fire (right hand)
 o - a ring of resist corrosion (left hand)
Scrolls
 w - a scroll of blinking
Potions
 c - a potion of brilliance
 j - a potion of haste
 A - 2 potions of curing


   Skills:
 + Level 6.1 Fighting
 * Level 7.8 Axes
 + Level 5.3 Armour
 + Level 4.9 Dodging


You had 6 spell levels left.
You didn't know any spells.
Your spell library was empty.

Dungeon Overview and Level Annotations

Branches:
Dungeon (8/15)
 Temple: D:4-7         Lair: D:8-11

Altars:
Cheibriados
Kikubaaqudgha

Annotations:
D:8 Maurice


Innate Abilities, Weirdness & Mutations

You have a pair of horns on your head.
You reflexively headbutt those who attack you in melee.


Message History

You are too injured to fight recklessly!
You are too injured to fight recklessly!
You are too injured to fight recklessly!
You are too injured to fight recklessly!
You are too berserk!
You are too injured to fight recklessly!
You are too injured to fight recklessly!
You feel a strong urge to attack something.
You barely miss Maurice.
Maurice is moderately wounded.
You closely miss something. Maurice hits you with a +0 short sword.
Maurice steals your potion of invisibility!
You closely miss Maurice. You headbutt Maurice!
Maurice is heavily wounded.
You closely miss something. Something hits you. Something shocks you.
Maurice drinks a potion.
Maurice flickers and vanishes!
You closely miss something. x2; Something hits you but does no damage. x2
You barely miss something. Your headbutt misses something.
You closely miss something.
Something hits you but does no damage. x2
You barely miss something. You closely miss something.
Something hits you but does no damage. Something hits you.
Something steals your potion of flight!
You closely miss something. You barely miss something. Something hits you.
Something shocks you.
* * * LOW HITPOINT WARNING * * *
You miss something. x2
You hear a zap.
A bolt of acid appears from out of thin air!
The bolt of acid hits you! You resist.
* * * LOW HITPOINT WARNING * * *
Something hits you.
* * * LOW HITPOINT WARNING * * *
Something shocks you.
* * * LOW HITPOINT WARNING * * *
You barely miss something. You miss something.
You hear some strange, mumbled words.
Something hits you.
* * * LOW HITPOINT WARNING * * *
Something shocks you.
You die...

.## ...
#.#
#.#####
###.....
##....#
#.....#
#...{ยง#
#..<.@#
#.#+#.#
... #...
####
....#
##$.#
..# ...
....


There were no monsters in sight!

Vanquished Creatures
  Grinder (D:6)
  An orc warrior (D:7)
  A sky beast (D:6)
  2 necrophages
  A phantom (D:6)
  A wyvern zombie (D:7)
  A scorpion (D:6)
  2 hounds (D:6)
  A bullfrog zombie (D:6)
  An orc priest (D:6)
  An iguana (D:6)
  An orc wizard (D:6)
  An adder (D:5)
  A white imp (D:5)
  A worm (D:2)
  A dart slug (D:5)
  9 orcs
  4 endoplasms (D:1)
  2 hobgoblins
  3 quokkas (D:1)
  A ball python (D:2)
  A bat (D:1)
  A frilled lizard (D:3)
  A kobold (D:1)
  5 rats
45 creatures vanquished.

Vanquished Creatures (others)
  3 plants (D:6)
3 creatures vanquished.

Grand Total: 48 creatures vanquished

Notes
Turn   | Place    | Note
-------+----------+-------------------------------------------
     0 | D:1      | wumblebumble the Minotaur Berserker began the quest for the
                  | Orb.
     0 | D:1      | Reached XP level 1. HP: 19/19 MP: 0/0
   437 | D:1      | Reached XP level 2. HP: 21/27 MP: 1/1
   508 | D:1      | Reached skill level 4 in Axes
   710 | D:2      | Identified the amulet "Xaven" {Acrobat Rampage rN+}
   749 | D:5      | Entered Level 5 of the Dungeon
   765 | D:5      | Reached XP level 3. HP: 33/33 MP: 2/2
   774 | D:5      | Found a snail-covered altar of Cheibriados.
   785 | D:5      | Noticed a necrophage
   796 | D:5      | Killed a necrophage
   797 | D:5      | Reached skill level 5 in Axes
   797 | D:5      | Reached XP level 4. HP: 20/41 MP: 3/3
  1046 | D:6      | Reached XP level 5. HP: 47/47 MP: 4/4
  1118 | D:7      | Noticed an orc warrior
  1127 | D:7      | Killed an orc warrior
  1308 | D:7      | Reached skill level 5 in Fighting
  1308 | D:7      | Reached skill level 6 in Axes
  1308 | D:7      | Reached XP level 6. HP: 41/56 MP: 5/5
  1629 | D:6      | Reached XP level 7. HP: 58/61 MP: 6/6
  1704 | D:6      | Found an ancient bone altar of Kikubaaqudgha.
  1731 | D:6      | Noticed Grinder
  1733 | D:6      | Paralysed by Grinder for 2 turns
  1742 | D:6      | Killed Grinder
  1743 | D:6      | Reached skill level 7 in Axes
  1743 | D:6      | Reached skill level 5 in Armour
  1903 | D:8      | Noticed Maurice
  1922 | D:8      | HP: 1/94 [something (6)]
  1923 | D:8      | Slain by a sky beast

Illustrated notes

Levels and vault maps discovered:
D:1:      dpeg_arrival_orchard, layout_loops_ring, kennysheep_boxes
D:2:      layout_loops_ring, basic_ecumenical_altar, minmay_misc_feat_cross,
          minmay_misc_feat_diagonals, glass_columns_b, minmay_fractal_squares_5,
          uniq_natasha
D:3:      layout_rooms, mainiacjoe_overflow_surrounded_room,
          nemelex_spade_bored_becter, minivault_11
D:4:      nicolae_cairo_tiling_large_dashed, layout_loops_ring,
          nicolae_overflow_crystal_walls, minmay_temple_entry_grid
D:5:      layout_rooms, nicolae_vehumet_radiance, kennysheep_slug_shrine,
          nicolae_wu_jian_wuxing_cycle, kennysheep_flooded_box, minmay_between,
          uniq_duvessa
D:6:      layout_loops_ring, mainiacjoe_overflow_boulevard, kennysheep_nub,
          serial_bayou_pond_a, kennysheep_generic_room_3, uniq_maggie,
          uniq_grinder
D:7:      layout_gridville, mainiacjoe_overflow_chevrons, serial_shops, shop
D:8:      layout_basic, amcnicky_altar_gilded, uniq_maurice

Skill      XL: |  1  2  3  4  5  6  7 |
---------------+----------------------+-----
Axes           | 4 5 6 7 |  7.8
Fighting       | 4 5 6 |  6.1
Armour         | 3 4 5 |  5.3
Dodging        | 3 4 |  4.9

Action                   |  1- 3 |  4- 6 |  7- 9 || total
-------------------------+-------+-------+-------++-------
Melee: Hand axe          |    17 |       |       ||    17
       War axe           |    32 |    11 |       ||    43
       Headbutt          |     8 |     9 |     4 ||    21
       Punch             |     1 |       |       ||     1
       Battleaxe         |       |    21 |    41 ||    62
Invok: Berserk           |     2 |     2 |     2 ||     6
  Use: Scroll            |     2 |     3 |     2 ||     7
Armor: Animal skin       |     2 |       |       ||     2
       Ring mail         |     6 |     1 |       ||     7
       Plate armour      |       |    15 |    38 ||    53
Dodge: Dodged            |    36 |    15 |     9 ||    60
